 Dungeon Crawl Stone Soup version 0.28.0-43-g3370ac3207 (webtiles) character file.

Game seed: 6433075860621225035

16 graymark the Poker (level 2, -3/28 HPs)
             Began as a Naga Chaos Knight on Mar 2, 2022.
             Was a Plaything of Xom.
             Slain by a fire crab (shapeshifter) (8 damage)
             ... on level 2 of the Dungeon.
             The game lasted 00:01:10 (995 turns).

graymark the Poker (Naga Chaos Knight)               Turns: 995, Time: 00:01:11

Health: -3/28      AC:  4    Str: 14    XL:     2   Next: 58%
Magic:  2/2        EV:  9    Int: 12    God:    Xom [...*..]
Gold:   48         SH:  0    Dex: 10    Spells: 1/1 levels left

rFire   . . .      SeeInvis +   a - +0 spear (chaos)
rCold   . . .      Faith    .   (no shield)
rNeg    . . .      Spirit   .   b - +2 leather armour
rPois   +          Reflect  .   (no helmet)
rElec   .          Harm     .   (no cloak)
rCorr   .          Rampage  .   (no gloves)
Will    .....                   (no barding)
Stlth   +.........              (no amulet)
HPRegen 0.09/turn               (no ring)
MPRegen 0.08/turn               (no ring)

@: very slow
A: AC +0, large, see invisible, deformed body, poison resistance, slowness 2,
spit poison 1, naga tail 1
a: Spit Poison, Renounce Religion


You were on level 2 of the Dungeon.
You worshipped Xom.
You were a favourite toy of Xom.
You visited 1 branch of the dungeon, and saw 2 of its levels.

You collected 48 gold pieces.

Inventory:

Hand Weapons
 a - a +0 spear of chaos (weapon)
Armour
 b - a +2 leather armour (worn)
 i - a +0 scale mail
Jewellery
 e - a ring of resist corrosion
Scrolls
 c - 2 scrolls of teleportation {unknown}
 d - a scroll of identify {unknown}
 f - a scroll of enchant armour {unknown}
 g - a scroll of noise {unknown}
 h - a scroll of vulnerability {unknown}


   Skills:
 * Level 3.1 Fighting
 * Level 3.2 Polearms
 * Level 1.8 Armour
 * Level 1.1 Dodging
 + Level 1.0 Stealth


You had one spell level left.
You didn't know any spells.
Your spell library contained the following spells:

 Spells                   Type           Power      Damage    Failure   Level
 Summon Small Mammal      Summ           0%         N/A       38%         1
 Call Canine Familiar     Summ           0%         N/A       77%         3
 Summon Guardian Golem    Hex/Summ       0%         N/A       77%         3


Dungeon Overview and Level Annotations

Branches:
Dungeon (2/15)

Altars:


Innate Abilities, Weirdness & Mutations

Your serpentine skin is tough. (AC +0)
You have supernaturally acute eyesight. (SInv)
Armour fits poorly on your strangely shaped body.
Your system is resistant to poisons. (rPois)
You cover ground very slowly.
You can spit poison.
You have a snake-like lower body.


Message History

The kobold is moderately wounded.
The kobold hits you but does no damage.
You hit the kobold.
The kobold is poisoned.
The kobold is severely wounded.
The kobold closely misses you.
You hit the kobold but do no damage.
The kobold is severely wounded.
The kobold hits you but does no damage.
You hit the kobold but do no damage.
The kobold is severely wounded.
You kill the kobold!
Your Stealth skill increases to level 1!
No target in view!
You pick up a book of Callings and begin reading...
You add the spells Summon Small Mammal, Call Canine Familiar and Summon Guardian Golem to your library.
An adder comes into view.
The adder moves out of view.
Okay, then.
Found a ring mail.
You reach to attack!
You miss the adder. You hit the adder but do no damage.
The adder seems to speed up.
Xom thinks this is hilarious!
The adder bites you. x2
You barely miss the adder. The adder barely misses you. The adder bites you.
You hit the adder.
The adder is moving more slowly.
The adder is moderately wounded.
The adder barely misses you.
You hit the adder.
The adder is moderately wounded.
The adder bites you but does no damage. The adder barely misses you.
You hit the adder.
The adder is moderately wounded.
The adder closely misses you. The adder bites you but does no damage.
You hit the adder.
The adder changes into a shapeshifter!
The shapeshifter changes into a fire crab!
The fire crab bites you.
You are engulfed in flames!
The fire crab claws you!
* * * LOW HITPOINT WARNING * * *
You are engulfed in flames!
You die...
Xom giggles madly!

..............#
#.########.#
..............# #.#
#.#
#.#..)....#.......#
#.##
#.....#.#.#.#####
#...
.##.#..#.#.#...
########
#.........#.# #..
........
......#.#.#.# .#
########
............### #
............@.# #
........#.###t# #
........#.# [... #
..####..#.#.......
# #..#.#......... #
#..#.#.......## #
#..#.###.##### #
..#


You could see a fire crab shaped shifter.

Vanquished Creatures
  An endoplasm (D:1)
  A giant cockroach (D:2)
  A goblin (D:1)
  A hobgoblin (D:1)
  4 ball pythons
  A bat (D:1)
  A frilled lizard (D:1)
  4 kobolds
  2 rats (D:1)
16 creatures vanquished.

Notes
Turn   | Place    | Note
-------+----------+-------------------------------------------
     0 | D:1      | graymark the Naga Chaos Knight began the quest for the Orb.
     0 | D:1      | Reached XP level 1. HP: 21/21 MP: 1/1
   218 | D:1      | XOM: noise
   242 | D:1      | Reached skill level 1 in Dodging
   285 | D:1      | Reached XP level 2. HP: 28/28 MP: 2/2
   344 | D:1      | XOM: divination: detect items
   409 | D:1      | Found a faded altar of an unknown god.
   973 | D:2      | Reached skill level 1 in Stealth
   994 | D:2      | Noticed a shapeshifter
   994 | D:2      | an adder changed into a shapeshifter
   994 | D:2      | Noticed a fire crab
   994 | D:2      | a shapeshifter changed into a fire crab
   995 | D:2      | Slain by a fire crab (shapeshifter)

Illustrated notes

Levels and vault maps discovered:
D:1:      noname_arrival_rooms_in_the_neighbourhood, layout_basic,
          dilly_ecumenical_altar_fadedgnrine
D:2:      layout_basic, corexii_leaking_fountain, columned_hall_lemuel

Skill      XL: |  1  2 |
---------------+-------+-----
Dodging        | 1 |  1.1
Stealth        | 1 |  1.0
Fighting       | |  3.1
Polearms       | |  3.2
Armour         | |  1.8

Action                   || total
-------------------------++-------
Melee: Spear             ||    47
       Punch             ||     1
 Stab: Sleeping          ||     1
Armor: Leather armour    ||    12
Dodge: Dodged            ||    13
